 Dungeon Crawl Stone Soup version 0.16.0-17-g811c1d7 (webtiles) character file.

55202 Gigax the Brawler (level 14, -11/90 HPs)
             Began as an Octopode Fighter on Mar 20, 2015.
             Was an Initiate of Ru.
             Mangled by a catoblepas (16 damage)
             ... on level 8 of the Lair of Beasts on Mar 21, 2015.
             The game lasted 01:09:07 (24115 turns).

Gigax the Brawler (Octopode Fighter)               Turns: 24115, Time: 01:09:08

Health: -11/90     AC:  1    Str: 16    XL:     14   Next: 76%
Magic:  0/14       EV:  2    Int: 13    God:    Ru [......]
Gold:   841        SH:  0    Dex: 19    Spells: 0 memorised, 13 levels left

rFire  . . .     SeeInvis +       - Unarmed
rCold  . . .     Clarity  .     c - +1 shield
rNeg   + + +     SustAb   .     k - +0 hat
rPois  ∞         Gourm    .     n - amulet of guardian spirit
rElec  +         Spirit   +     B - +3 ring of dexterity
rCorr  .         Warding  .     s - ring of stealth
rMut   .         Stasis   .     f - +6 ring of evasion
MR     +++..                    I - ring of protection from magic
Stlth  +++++.....               K - ring of fire
                                H - ring of see invisible
                                R - ring "Plicsob" {+Fly rElec MR+ Dex-3}
                                O - ring of Piplu {Ice rPois rN+ Int+2 Dex+4}

@: petrified, extremely resistant to hostile enchantments, quite stealthy
A: almost no armour, amphibious, 8 rings, constrict 8, camouflage 1, gelatinous
body 1
a: Renounce Religion, Evoke Flight


You were on level 8 of the Lair of Beasts.
You worshipped Ru.
Ru was noncommittal.
You were hungry.

You visited 2 branches of the dungeon, and saw 17 of its levels.
You also visited: Labyrinth and Sewer.

You collected 841 gold pieces.

Inventory:

Hand weapons
 a - a +1 scimitar of flaming
Armour
 c - a +1 shield (worn)
 k - a +0 hat (worn)
Jewellery
 d - an uncursed ring of poison resistance
 f - a +6 ring of evasion (on tentacle)
 n - an amulet of guardian spirit (around mantle)
 s - a ring of stealth (right tentacle)
 y - an uncursed ring of sustain abilities
 B - a +3 ring of dexterity (left tentacle)
 H - a ring of see invisible (on tentacle)
 I - a ring of protection from magic (on tentacle)
 J - an uncursed amulet of regeneration {unknown}
 K - a ring of fire (on tentacle)
 O - the ring of Piplu (on tentacle) {Ice rPois rN+ Int+2 Dex+4}
   (You found it on level 6 of the Lair of Beasts)

   [ring of ice]

   It enhances your ice magic, and weakens your fire magic.
   It affects your intelligence (+2).
   It affects your dexterity (+4).
   It makes you vulnerable to fire.
   It protects you from cold.
   It protects you from poison.
   It protects you from negative energy.
 R - the ring "Plicsob" (on tentacle) {+Fly rElec MR+ Dex-3}
   (You found it in a labyrinth)

   [ring of protection from magic]

   It affects your dexterity (-3).
   It insulates you from electricity.
   It affects your resistance to hostile enchantments.
   It lets you fly.
 S - an uncursed ring of ice
Magical devices
 b - a wand of random effects (25)
 w - a wand of fire (0)
 x - a wand of teleportation (6)
 C - a wand of draining (0)
 T - a wand of lightning (3)
 Y - a wand of draining (0)
Scrolls
 i - 10 scrolls of teleportation
 j - 2 scrolls of recharging
 o - 12 scrolls of remove curse
 v - a scroll of vulnerability {unknown}
 A - 2 scrolls of enchant armour
 M - a scroll of fog
 P - a scroll of fear
Potions
 e - a potion of might
 g - 11 potions of curing
 p - a potion of lignification
 r - 3 potions of magic
 t - 3 potions of flight
 E - 3 potions of heal wounds
 F - a potion of haste
 G - 3 potions of invisibility
 Q - 3 potions of cancellation
 X - 2 potions of restore abilities
 Z - 3 potions of ambrosia {unknown}
Books
 q - a book of Transfigurations

   Spells                             Type                      Level
   a - Stoneskin                      Transmutation/Earth          2
   b - Irradiate                      Conjuration/Transmutation    5
   c - Statue Form                    Transmutation/Earth          6
   d - Hydra Form                     Transmutation                6
   e - Dragon Form                    Transmutation                7
Miscellaneous
 W - a phantom mirror
Comestibles
 h - 14 royal jellies
 l - 28 fruits
 m - 9 slices of pizza
 u - 12 bread rations
 z - 5 meat rations
 U - 4 beef jerkies


   Skills:
 - Level 6.3 Fighting
 + Level 12.3 Dodging
 - Level 2.0 Stealth
 + Level 10.8 Shields
 * Level 18.1 Unarmed Combat


You had 13 spell levels left.
You didn't know any spells.

Dungeon Overview and Level Annotations

Branches:
Dungeon (9/15)             Temple (0/1) D:7            Lair (8/8) D:9
  Swamp (0/5) Lair:3        Snake (0/5) Lair:6        Slime (0/6) Lair:6
    Orc: D:9-12

Altars:
Ashenzari
Cheibriados
Dithmenos
Fedhas
Gozag
Kikubaaqudgha
Makhleb
Nemelex Xobeh
Okawaru
Ru
Trog
Vehumet
Xom
Zin
The Shining One

Shops:
D:3 *

Annotations:
Lair:5 1 runed door


Innate Abilities, Weirdness & Mutations

You cannot wear most types of armour.
You are amphibious.
You can wear up to eight rings at the same time.
You can use your tentacles to constrict many enemies at once.
Your skin changes colour to match your surroundings (Stealth).
Your rubbery body absorbs attacks (AC +1).


Message History

Read which item? (? for menu, Esc to quit)
As you read the scroll of fear, it crumbles to dust.
You assume a fearsome visage.
The death yak resists with almost no effort.
The death yak easily resists.
The death yak resists with some effort.
The catoblepas resists with almost no effort.
The catoblepas breathes a plume of calcifying dust at you.
The blast of calcifying dust hits you!
You have turned to stone.
You are engulfed in calcifying dust.
The death yak is no longer petrified.
The catoblepas gores you!!
You are engulfed in calcifying dust.
The catoblepas gores you!!
* * * LOW HITPOINT WARNING * * *
The death yak is engulfed in calcifying dust.
The death yak is moving more slowly.
The death yak gores you!!
* * * LOW HITPOINT WARNING * * *
The death yak bellows!
You are engulfed in calcifying dust.
The catoblepas gores you!!
* * * LOW HITPOINT WARNING * * *
The catoblepas gores you!!
You die...

..........## ##.....P# ####..
##...##....###......### ###
#.....##.......8......###
#.###.##..........Y8....#######
#..≈..##........8.............###
##§§§###.......Y.....8..(........
#.§≈§.##......8.Y................
##§§..##........Y..=.............
##.≈≈.##........@Y.........).....
###.≈.##........§................
##§≈§..#........§................
#..§..##.........................
#..§§.##........P.PPP............
#..≈.###.........P..P..(.........
..≈≈.##.PP.......##.##.".......P.
..≈..##.PPP....#.P#...#.....#####
#.§§§##.P.P.................##.#.


You could see 4 death yaks and a catoblepas.

Vanquished Creatures
  Maud (Lair:3)
  Snorg (Lair:3)
  A minotaur (Lab)
  2 hydras (Lair:8)
  A catoblepas (Lair:8)
  Erica (Lair:3)
  9 death yaks (Lair:8)
  Nergalle (Lair:8)
  Pikel (D:6)
  A lindwurm (Lair:8)
  A griffon (Lair:6)
  6 black mambas
  21 elephants
  14 spiny frogs
  A queen ant (Lair:2)
  4 fire drakes
  A komodo dragon (Lair:6)
  A queen bee (Lair:4)
  A polar bear (Lair:4)
  7 blink frogs (Lair:8)
  5 basilisks
  A boulder beetle (Lair:6)
  Eustachio (D:4)
  42 yaks
  2 hogs (D:8)
  A human (D:8)
  A naga (Lair:6)
  3 hippogriffs
  8 wolves
  6 soldier ants (Lair:2)
  6 swamp worms (Lair:3)
  A black bear (Lair:4)
  3 orc warriors
  18 water moccasins
  Purgy (Sewer)
  3 sky beasts (D:6)
  11 porcupines
  4 slaves (D:6)
  A centaur (D:9)
  10 crocodiles
  2 boring beetles
  A necrophage (D:8)
  3 ogres
  A phantom (D:4)
  Sigmund (D:4)
  Blork the orc (D:4)
  17 giant frogs
  A water moccasin zombie (D:6)
  2 scorpions
  25 killer bees
  3 wights (D:8)
  An electric eel (Lair:3)
  A goliath beetle (D:6)
  2 giant frog zombies
  3 crimson imps
  4 orc priests
  2 giant frog skeletons
  6 hounds
  9 iguanas
  4 jellies
  22 worker ants
  A centaur skeleton (D:8)
  5 orc wizards
  8 hell rats (Lair:1)
  24 sheep
  3 hound skeletons
  Terence (D:3)
  8 gnolls
  43 river rats
  28 adders
  5 shadow imps
  2 worms
  2 adder zombies
  6 oozes
  7 giant geckos
  33 orcs
  5 ball pythons
  16 bats
  7 giant cockroaches
  21 goblins
  14 hobgoblins
  12 jackals
  10 quokkas
  8 giant newts
  21 kobolds
  33 rats
638 creatures vanquished.

Vanquished Creatures (others)
  17 fungi
  4 plants (Lair:8)
21 creatures vanquished.

Grand Total: 659 creatures vanquished

Notes
Turn   | Place    | Note
--------------------------------------------------------------
     0 | D:1      | Gigax, the Octopode Fighter, began the quest for the Orb.
     0 | D:1      | Reached XP level 1. HP: 16/16 MP: 1/1
   260 | D:1      | Reached XP level 2. HP: 9/21 MP: 2/2
   665 | D:1      | Reached XP level 3. HP: 22/26 MP: 3/3
   905 | D:2      | Found a radiant altar of Vehumet.
  1137 | D:2      | Reached skill level 1 in Stealth
  1137 | D:2      | Reached XP level 4. HP: 14/31 MP: 4/4
  1378 | D:2      | Found a shadowy altar of Dithmenos.
  1533 | D:2      | Reached skill level 4 in Dodging
  2006 | D:3      | Noticed Terence
  2162 | D:3      | Reached XP level 5. HP: 34/36 MP: 5/5
  2598 | D:3      | Killed Terence
  2598 | D:3      | Reached XP level 6. HP: 29/43 MP: 6/6
  2782 | D:3      | Found Zin's Purification Station.
  2788 | D:3      | Found a glowing silver altar of Zin.
  3178 | D:4      | HP: 2/43 [orc priest/nerve-wracking pain (9)]
  3180 | D:4      | Reached XP level 7. HP: 16/49 MP: 7/7
  3398 | D:4      | Found a blossoming altar of Fedhas.
  3405 | D:4      | Reached skill level 5 in Unarmed Combat
  3490 | D:4      | Noticed Blork the orc
  3528 | D:5      | Entered Level 5 of the Dungeon
  3692 | D:5      | Reached skill level 5 in Dodging
  3897 | D:5      | Found a sacrificial altar of Ru.
  4047 | D:5      | Found a glowing drain.
  4051 | Sewer    | Entered a sewer
  4074 | Sewer    | Noticed Purgy
  4087 | Sewer    | Killed Purgy
  4328 | D:5      | Reached skill level 5 in Fighting
  4512 | D:5      | Reached skill level 6 in Unarmed Combat
  4529 | D:5      | Reached XP level 8. HP: 53/55 MP: 8/8
  4959 | D:5      | Found a bloodstained altar of Trog.
  5126 | D:5      | Became a worshipper of Ru the Awakened
  5206 | D:4      | Killed Blork the orc
  5770 | D:4      | Noticed Eustachio
  5780 | D:4      | Killed Eustachio
  5780 | D:4      | Reached skill level 7 in Unarmed Combat
  5848 | D:4      | Noticed Sigmund
  5863 | D:4      | Killed Sigmund
  6370 | D:6      | Reached XP level 9. HP: 58/62 MP: 9/9
  6386 | D:6      | Found a burning altar of Makhleb.
  6525 | D:6      | Reached skill level 8 in Unarmed Combat
  6737 | D:6      | Noticed Pikel
  7163 | D:6      | Killed Pikel
  7294 | D:6      | Reached skill level 9 in Unarmed Combat
  7587 | D:7      | Found a snail-covered altar of Cheibriados.
  7805 | D:7      | Found an ancient bone altar of Kikubaaqudgha.
  8037 | D:7      | Found a staircase to the Ecumenical Temple.
  8813 | D:8      | Found an ancient bone altar of Kikubaaqudgha.
  8859 | D:8      | Found a sparkling altar of Nemelex Xobeh.
  8888 | D:8      | Found a shattered altar of Ashenzari.
  8891 | D:8      | Found an opulent altar of Gozag.
  8896 | D:8      | Found a shimmering altar of Xom.
  8926 | D:8      | Found an iron altar of Okawaru.
  8929 | D:8      | Found a glowing golden altar of the Shining One.
  9160 | D:8      | Reached XP level 10. HP: 69/69 MP: 10/10
  9484 | D:8      | Reached skill level 10 in Unarmed Combat
  9492 | D:8      | Reached skill level 5 in Shields
 10142 | D:9      | Found an opulent altar of Gozag.
 10407 | D:9      | Found a staircase to the Lair.
 10915 | Lair:1   | Entered Level 1 of the Lair of Beasts
 11082 | Lair:1   | Found a frozen archway.
 11085 | Lair:1   | Noticed a black mamba
 11118 | Lair:1   | Found a labyrinth entrance.
 11123 | Lair:1   | Noticed a black mamba
 11138 | Lair:1   | Killed a black mamba
 11171 | Lab      | Entered a labyrinth
 11190 | Lab      | Reached skill level 13 in Unarmed Combat
 11190 | Lab      | Reached XP level 11. HP: 68/73 MP: 11/11
 11342 | Lab      | Reached skill level 14 in Unarmed Combat
 11742 | Lab      | Noticed a minotaur
 11751 | Lab      | Killed a minotaur
 11753 | Lab      | Got a scorched glass ring
 11986 | Lair:1   | Identified the ring "Plicsob" {+Fly rElec MR+ Dex-3} (You found it in a labyrinth)
 12006 | Lair:1   | Killed a black mamba
 12860 | Lair:1   | Reached XP level 12. HP: 80/80 MP: 12/12
 14052 | Lair:3   | Noticed Snorg
 14071 | Lair:3   | Killed Snorg
 14071 | Lair:3   | Reached skill level 15 in Unarmed Combat
 14439 | Lair:3   | Noticed Maud
 14451 | Lair:3   | Killed Maud
 14596 | Lair:3   | Noticed Erica
 14602 | Lair:3   | Killed Erica
 14975 | Lair:3   | Found a staircase to the Swamp.
 15372 | Lair:4   | Reached skill level 10 in Dodging
 15860 | Lair:4   | Reached XP level 13. HP: 68/84 MP: 13/13
 16158 | Lair:4   | You fall through a shaft for 2 floors!
 16842 | D:8      | Reached skill level 16 in Unarmed Combat
 18635 | Lair:5   | Found a runed door.
 18958 | Lair:6   | Found a staircase to the Snake Pit.
 19546 | Lair:6   | Got a flickering copper ring
 19770 | Lair:6   | Found a staircase to the Slime Pits.
 21332 | Lair:7   | Reached skill level 17 in Unarmed Combat
 21717 | Lair:8   | Entered Level 8 of the Lair of Beasts
 21955 | Lair:7   | Reached XP level 14. HP: 75/90 MP: 12/14
 22221 | Lair:8   | Identified the ring of Piplu {Ice rPois rN+ Int+2 Dex+4} (You found it on level 6 of the Lair of Beasts)
 22282 | Lair:8   | Reached skill level 10 in Shields
 23069 | Lair:8   | Noticed Nergalle
 23101 | Lair:8   | Killed Nergalle
 23802 | Lair:8   | Reached skill level 18 in Unarmed Combat
 24114 | Lair:8   | HP: 4/90 [catoblepas (14)]
 24115 | Lair:8   | Mangled by a catoblepas

Action                   |  1- 3 |  4- 6 |  7- 9 | 10-12 | 13-15 || total
-------------------------+-------+-------+-------+-------+-------++-------
Melee: Unarmed           |    84 |   114 |   328 |   405 |   603 ||  1534
       Scimitar          |       |       |       |       |     5 ||     5
 Fire: Blowgun           |       |     9 |    21 |     6 |       ||    36
Invok: Reject Sacrifices |       |       |       |       |     1 ||     1
Evoke: Wand              |     1 |       |       |       |     6 ||     7
  Use: Scroll            |       |     5 |    13 |     8 |     6 ||    32
       Potion            |       |     1 |     3 |     4 |     5 ||    13
 Stab: Sleeping          |     4 |     6 |    32 |    19 |    17 ||    78
       Distracted        |       |     2 |     3 |     3 |     3 ||    11
  Eat: Chunk             |     1 |     5 |    20 |    18 |    25 ||    69
       Beef jerky        |       |       |       |     2 |     1 ||     3
